 Dungeon Crawl Stone Soup version 0.21.1-1-g345015f (webtiles) character file.

26 Iko the Vexing (level 2, -9/23 HPs)
             Began as a Draconian Arcane Marksman on June 3, 2018.
             Mangled by an ogre
             ... wielding a cursed +0 giant club
              (32 damage)
             ... on level 4 of the Dungeon.
             The game lasted 00:04:32 (445 turns).

Iko the Vexing (Draconian Arcane Marksman)           Turns: 445, Time: 00:04:33

Health: -9/23      AC:  4    Str:  9 (12) XL:     2   Next: 89%
Magic:  3/3        EV: 12    Int: 11 (13) God:
Gold:   38         SH:  0    Dex:  8 (11) Spells: 2/3 levels left

rFire    . . .     SeeInvis .   a - +0 hunting sling
rCold    . . .     Gourm    .   (no shield)
rNeg     . . .     Faith    .   (armour unavailable)
rPois    .         Spirit   .   (helmet restricted)
rElec    .         Reflect  .   (no cloak)
rCorr    .         Harm     .   (no gloves)
MR       .....                  (no boots)
Stlth    +.........             (no amulet)
HPRegen  0.07/turn              (no ring)
MPRegen  0.08/turn              (no ring)

@: no status effects
A: unfitting armour, cold-blooded, AC +4
a: no special abilities


You were on level 4 of the Dungeon.
You were not hungry.

You visited 2 branches of the dungeon, and saw 5 of its levels.

You collected 38 gold pieces.

Inventory:

Hand Weapons
 a - a +0 hunting sling (weapon)
 g - a +0 quarterstaff
Missiles
 c - 17 sling bullets (quivered)
 f - 51 stones
Books
 e - a book of Debilitation

   Spells                             Type                      Level
   a - Corona                         Hexes                        1
   b - Slow                           Hexes                        2
   c - Inner Flame                    Hexes/Fire                   3
   d - Portal Projectile              Hexes/Translocation          3
   e - Cause Fear                     Hexes                        4
   f - Leda's Liquefaction            Hexes/Earth                  4
Comestibles
 d - 3 rations


   Skills:
 + Level 1.1 Fighting
   Level 0.5 Short Blades
 + Level 2.5 Slings
 + Level 2.2 Dodging
 + Level 1.0 Spellcasting
 + Level 2.8 Hexes


You had 2 spell levels left.
You knew the following spells:

 Your Spells              Type           Power        Failure   Level  Hunger
a - Corona                Hex            #......      10%         1    ##.....


Dungeon Overview and Level Annotations

Branches:
Dungeon (4/15)             Temple (1/1) D:4

Altars:
Ashenzari
Elyvilon
Fedhas
Gozag
Hepliaklqana
Kikubaaqudgha
Makhleb
Nemelex Xobeh
Qazlal
Sif Muna
Trog
Uskayaw
Vehumet
Wu Jian
Yredelemnul
Zin
The Shining One


Innate Abilities, Weirdness & Mutations

Your plain brown scales are hard. (AC +4)
You cannot fit into any form of body armour.
You are cold-blooded and may be slowed by cold attacks.


Message History

There is a staircase back to the Dungeon here.
Found a hide-covered altar of Uskayaw.
Found an opulent altar of Gozag.
There is a staircase back to the Dungeon here.
Found a deep blue altar of Sif Muna.
Found a white marble altar of Elyvilon.
There is a staircase back to the Dungeon here.
Found a radiant altar of Vehumet.
There is a staircase back to the Dungeon here.
You can't go down here!
You can't go down here!
You can't go down here!
You climb upwards.
Welcome back to the Dungeon!
There is a staircase to the Ecumenical Temple here.
Found 12 gold pieces.
An ogre comes into view. It is wielding a giant club.
The ogre moves out of view.
The ogre hits you with a giant club!!
Ouch! That really hurt!
You die...

..# #.... ..# ..##
....# #.. ...##....#
#..# ..$.....# #..#####
.........
#..#...####........
##.........O.......
#..........@#......
#..<..§§...........
#.....#..§...........
........#..............
.####........###.......
###.....## ......#
#...... .....##
#....... .....#
......... ......


You could see an ogre.

Vanquished Creatures
  A worm (D:2)
  A dart slug (D:1)
  An orc (D:3)
  A bat (D:1)
  2 giant cockroaches
  2 goblins
  2 hobgoblins
  3 jackals (D:2)
  2 kobolds
  3 rats
18 creatures vanquished.

Notes
Turn   | Place    | Note
-------+----------+-------------------------------------------
     0 | D:1      | Iko the Draconian Arcane Marksman began the quest for the Orb.
     0 | D:1      | Reached XP level 1. HP: 16/16 MP: 2/2
   125 | D:1      | Reached XP level 2. HP: 17/23 MP: 3/3
   407 | D:4      | Found a staircase to the Ecumenical Temple.
   416 | Temple   | Entered the Ecumenical Temple
   442 | D:4      | Noticed an ogre
   445 | D:4      | Mangled by an ogre

Skill      XL: |  1 |
---------------+----+-----
Slings         | 2 |  2.5
Dodging        | 2 |  2.2
Fighting       | |  1.1
Short Blades   | |  0.5
Spellcasting   | |  1.0
Hexes          | |  2.8

Action                   || total
-------------------------++-------
Melee: Short sword       ||    25
       Tailslap          ||     3
       Quarterstaff      ||     1
 Fire: Hunting sling     ||    35
  Use: Scroll            ||     3
       Potion            ||     3
Armor: Skin              ||     9
Dodge: Dodged            ||    24
